 Dungeon Crawl Stone Soup version 0.30-a0-920-g7493c07aab (webtiles) character file.

Game seed: 3751962079720867078

599 kiwi3s the Chopper (level 7, -1/62 HPs)
             Began as a Minotaur Berserker on Mar 21, 2023.
             Was a Priest of Trog.
             Slain by an acid dragon (9 damage)
             ... on level 5 of the Dungeon.
             The game lasted 00:04:20 (3735 turns).

kiwi3s the Chopper (Minotaur Berserker)             Turns: 3735, Time: 00:04:21

Health: -1/62      AC:  7    Str: 23    XL:     7   Next: 17%
Magic:  6/6        EV: 11    Int:  4    God:    Trog [***...]
Gold:   207        SH:  0    Dex: 10    Spells: 6/6 levels left

rFire   . . .      SeeInvis .    a - +0 hand axe
rCold   . . .      Faith    .    (no shield)
rNeg    . . .      Spirit   .    k - +0 scale mail
rPois   .          Reflect  .    (helmet restricted)
rElec   .          Rampage  .    (no cloak)
rCorr   +                        (no gloves)
Will    .....                    (no boots) Stlth
                                 (no amulet)
HPRegen 0.30/turn                u - ring of resist corrosion
MPRegen 0.10/turn                (no ring)

@: on berserk cooldown, slowed, very slow
A: horns 2, retaliatory headbutt
a: Renounce Religion, Berserk, Trog's Hand


You were on level 5 of the Dungeon.
You worshipped Trog.
Trog was most pleased with you.
You visited 1 branch of the dungeon, and saw 5 of its levels.

You collected 207 gold pieces.

Inventory:

Hand Weapons
 a - a +0 hand axe (weapon)
Missiles
 v - 3 silver boomerangs (quivered)
Armour
 b - a +0 animal skin
 k - a +0 scale mail (worn)
Jewellery
 u - a ring of resist corrosion (left hand)
 z - a ring of magical power
Wands
 x - a wand of roots (12)
 A - a wand of flame (10)
Scrolls
 c - a scroll of fog {unknown}
 g - a scroll of teleportation {unknown}
 i - a scroll of fear {unknown}
 j - 2 scrolls of silence {unknown}
 l - a scroll of enchant weapon {unknown}
 n - 2 scrolls of amnesia {unknown}
 o - a scroll of magic mapping {unknown}
 s - 3 scrolls of vulnerability {unknown}
 t - a scroll of identify {unknown}
 w - a scroll of enchant armour {unknown}
 y - a scroll of poison {unknown}
Potions
 d - a potion of mutation {unknown}
 e - a potion of resistance {unknown}
 f - a potion of heal wounds {unknown}
 h - 2 potions of curing {unknown}
 m - a potion of brilliance {unknown}
 p - a potion of lignification {unknown}
 q - a potion of magic {unknown}
 r - 2 potions of degeneration {unknown}


   Skills:
 + Level 5.8 Fighting
 + Level 5.9 Axes
 + Level 5.1 Armour
 + Level 4.6 Dodging


You had 6 spell levels left.
You didn't know any spells.
Your spell library was empty.

Dungeon Overview and Level Annotations

Branches:
Dungeon (5/15)
 Temple: D:4-7

Altars:
Trog

Shops:
D:1 =   D:2 :[*[(


Innate Abilities, Weirdness & Mutations

You have a pair of horns on your head.
You reflexively headbutt those who attack you in melee.


Message History

Trog accepts your kill.
Things that are here:
a +0 spear; a gnoll corpse
Found a stone staircase leading up.
You feel a strong urge to attack something.
You are no longer berserk.
You are exhausted.
You feel yourself slow down.
You hit the worm. You headbutt the worm.
The worm is heavily wounded.
The worm bites you.
You hit the worm.
The worm is severely wounded.
The worm bites you but does no damage.
You slash the worm!
You kill the worm!
Trog accepts your kill.
An acid dragon comes into view.
The acid dragon roars!
The acid dragon spits acid at you. The splash of acid hits you! You resist.
You hear a shout! x3
You see here a worm corpse.
You are too injured to fight recklessly!
You are too injured to fight recklessly!
An acid dragon is nearby!
Things that are here:
a +0 spear; a gnoll corpse The acid dragon spits acid at you.
The splash of acid hits you! You resist.
You hear a shout! x3
A gnoll comes into view. It is wielding a +0 club.
The acid dragon bites you!
* * * LOW HITPOINT WARNING * * *
The acid dragon claws you.
* * * LOW HITPOINT WARNING * * *
There is a stone staircase leading up, spattered with blood here.
The acid dragon attacks as you move away!
The acid dragon bites you!
You die...

.#......#.##
..........## ## #
#......g.. .#####
...##.#..#.####.....#
....................
.......†..))......#
####...#.))......##..
#..........D........
#..#(........@.?.....
.. #.###....>........
. ... #.............
<.. ##............
.## #.>......##..
##.####### # ... ...


You could see an acid dragon (catching breath) and a gnoll.

Vanquished Creatures
  A phantom (D:4)
  A scorpion (D:4)
  A killer bee (D:4)
  A howler monkey (D:4)
  2 hounds (D:4)
  An orc priest (D:3)
  A jelly (D:5)
  A gnoll bouda (D:5)
  A sleepcap (D:4)
  3 gnolls (D:5)
  6 adders
  An ufetubus (D:4)
  3 worms
  4 dart slugs
  4 orcs (D:3)
  11 endoplasms
  5 giant cockroaches
  7 goblins
  11 hobgoblins
  6 jackals
  7 quokkas
  6 ball pythons
  11 bats
  4 frilled lizards
  6 kobolds
  11 rats
116 creatures vanquished.

Notes
Turn   | Place    | Note
-------+----------+-------------------------------------------
     0 | D:1      | kiwi3s the Minotaur Berserker began the quest for the Orb.
     0 | D:1      | Reached XP level 1. HP: 19/19 MP: 0/0
     8 | D:1      | Found Akereschu's Jewellery Shoppe.
   189 | D:1      | Reached XP level 2. HP: 25/27 MP: 1/1
   698 | D:1      | Found a faded altar of an unknown god.
   828 | D:1      | Reached XP level 3. HP: 30/33 MP: 2/2
  1197 | D:2      | Reached ** piety under Trog
  1389 | D:2      | Found Faompyr's Antique Armour Shoppe.
  1397 | D:2      | Found Pyufroymm's Weapon Shop.
  1569 | D:2      | Found Qijok's Book Emporium.
  1619 | D:2      | Found Osuatryat's General Store.
  1626 | D:2      | Found Zimesig's Armour Shop.
  1976 | D:3      | Reached XP level 4. HP: 36/40 MP: 3/3
  2539 | D:3      | Reached *** piety under Trog
  2638 | D:4      | Reached XP level 5. HP: 47/47 MP: 4/4
  2657 | D:4      | Reached skill level 5 in Fighting
  2657 | D:4      | Reached skill level 5 in Axes
  2900 | D:4      | Noticed a phantom
  2909 | D:4      | Killed a phantom
  2910 | D:4      | Reached XP level 6. HP: 52/56 MP: 5/5
  3346 | D:4      | Found a bloodstained altar of Trog.
  3704 | D:4      | Reached skill level 5 in Armour
  3705 | D:5      | Entered Level 5 of the Dungeon
  3713 | D:5      | Reached XP level 7. HP: 62/62 MP: 6/6
  3735 | D:5      | Slain by an acid dragon

Illustrated notes

Levels and vault maps discovered:
D:1:      nicolae_arrival_memento_mori, layout_basic, serial_shops, shop,
          hellmonk_ecumenical_altar_crossroads
D:2:      minmay_chambers_of_ones, layout_basic, serial_shops, shop,
          nicolae_shop_hallway_plus,
          nicolae_shop_temple_entry_statues_fountains, shop,
          nicolae_shop_behind_doors
D:3:      layout_basic
D:4:      minmay_chambers_of_fours, layout_basic,
          nicolae_overflow_hidden_temple, minmay_pentangle
D:5:      layout_rooms, minitemple

Skill      XL: |  1  2  3  4  5  6 |
---------------+-------------------+-----
Axes           | 4 5 |  5.9
Fighting       | 4 5 |  5.8
Armour         | 3 4 5 |  5.1
Dodging        | 3 4 |  4.6

Action                     |  1- 3 |  4- 6 |  7- 9 || total
---------------------------+-------+-------+-------++-------
  Melee: Hand axe          |   107 |   130 |    12 ||   249
         Headbutt          |    14 |    18 |     3 ||    35
 Invoke: Berserk           |       |     1 |       ||     1
 Armour: Animal skin       |    13 |       |       ||    13
         Scale mail        |     2 |    58 |     5 ||    65
  Dodge: Dodged            |    74 |    87 |     5 ||   166

Table legend: (Time is in decaauts)
 A = Elapsed time spent in this place.
 B = Non-inter-level travel time spent in this place.
 C = Inter-level travel time spent in this place.
 D = Time resting spent in this place.
 E = Time spent auto-exploring this place.
 F = Levels seen in this place.
 G = Mean time per level.
                   A        B        C        D        E       F      G
               +--------+--------+--------+--------+--------+-----+--------+
         Total |   3750 |   3616 |    134 |      0 |   2995 |   5 |  750.0 |
       Dungeon |   3750 |   3616 |    134 |      0 |   2995 |   5 |  750.0 |
               +--------+--------+--------+--------+--------+-----+--------+

Top non-repeatable levels by time:
     D:4: 1078 daAuts
     D:1: 1008 daAuts
     D:2: 928 daAuts
     D:3: 704 daAuts
     D:5: 31 daAuts
